 Dungeon Crawl Stone Soup version 0.21-a0-264-g3e31e41 (webtiles) character file.

7 4thArraOfDagon the Vexing (level 2, -1/19 HPs)
             Began as a Human Enchanter on Sept 8, 2017.
             Slain by an orc
             ... wielding a +0 trident
              (6 damage)
             ... on level 3 of the Dungeon.
             The game lasted 00:03:09 (496 turns).

4thArraOfDagon the Vexing (Human Enchanter)          Turns: 496, Time: 00:03:09

Health: -1/19      AC:  2    Str:  8    XL:     2   Next: 10%
Magic:  0/5        EV: 12    Int: 15    God:
Gold:   19         SH:  0    Dex: 13    Spells: 2/5 levels left

rFire    . . .     SeeInvis .   a - +1 dagger
rCold    . . .     Gourm    .   (no shield)
rNeg     . . .     Faith    .   b - +0 robe
rPois    .         Spirit   .   (no helmet)
rElec    .         Reflect  .   (no cloak)
rCorr    .         Harm     .   (no gloves)
MR       .....                  (no boots)
Stlth    ++........             e - amulet of inaccuracy (curse)
HPRegen  0.06/turn              (no ring)
MPRegen  0.09/turn              (no ring)

@: very slightly contaminated
A: no striking features
a: no special abilities


You were on level 3 of the Dungeon.
You were not hungry.

You visited 1 branch of the dungeon, and saw 4 of its levels.

You collected 19 gold pieces.

Inventory:

Hand Weapons
 a - a +1 dagger (weapon)
Armour
 b - a +0 robe (worn)
Magical Staves
 h - an uncursed staff of energy {unknown}
Jewellery
 e - a cursed amulet of inaccuracy (around neck)
Potions
 f - a potion of degeneration {unknown}
 g - a potion of curing {unknown}
Books
 c - a book of Maledictions

   Spells                             Type                      Level
   a - Corona                         Hexes                        1
   b - Ensorcelled Hibernation        Hexes/Ice                    2
   c - Confuse                        Hexes                        3
   d - Tukima's Dance                 Hexes                        3
   e - Dazzling Spray                 Conjuration/Hexes            3
Comestibles
 d - a bread ration


   Skills:
 + Level 2.0 Short Blades
 - Level 2.0 Dodging
 - Level 3.0 Stealth
 - Level 2.0 Spellcasting
 - Level 3.0 Hexes


You had 2 spell levels left.
You knew the following spells:

 Your Spells              Type           Power        Failure   Level  Hunger
a - Corona                Hex            ##.....      6%          1    #......
b - Ensorcelled Hibernat  Hex/Ice        #.....       19%         2    ###....


Dungeon Overview and Level Annotations

Branches:
Dungeon (4/15)
 Temple: D:4-7

Altars:

Annotations:
D:4 tof's ghost, amateur DsGl


Message History

Confirm with . or Enter, or press ? or * to list all spells.
Aiming: Corona
Press: ? - help, Shift-Dir - straight line, f/p - orc
Aim: an orc, wielding a trident (chance to defeat MR: 63%)
The orc struggles to resist.
The rat misses you. The orc barely misses you.
You barely miss the orc. The rat bites you. The orc closely misses you.
You barely miss the orc. The rat barely misses you.
The orc hits you with a trident.
You hit the orc.
The orc is heavily wounded.
The rat bites you.
You barely miss the orc.
The orc is heavily wounded.
The orc hits you with a trident!
* * * LOW HITPOINT WARNING * * *
The rat barely misses you.
You closely miss the orc.
The orc is heavily wounded.
The orc hits you with a trident.
You die...

.#####. ##....... ##
####...# . .#
...w###.o.S.. ..
##.## .####. .# #.# .
###.### l# #.## ##.
#....$# .#
##..###.###.# #r##.##
...#........# #.@...#
.#.####.###.###o##.##
...####.###.....# ##
..............###
#######.####### #.#
#.# ........#
#########


You could see an orc and a rat.

Vanquished Creatures
  3 giant cockroaches
  2 hobgoblins
  A rat (D:3)
6 creatures vanquished.

Notes
Turn   | Place    | Note
-------+----------+-------------------------------------------
     0 | D:1      | 4thArraOfDagon the Human Enchanter began the quest for the Orb.
     0 | D:1      | Reached XP level 1. HP: 13/13 MP: 3/3
   313 | D:3      | Reached XP level 2. HP: 12/19 MP: 1/5
   320 | D:3      | Learned a level 2 spell: Ensorcelled Hibernation
   328 | D:4      | Noticed tof's ghost (amateur DsGl)
   496 | D:3      | Slain by an orc

Vault maps used:
D:1:      minmay_arrival_wavy_path
D:2:      first_bread
D:4:      temple_fountains, uniq_duvessa

Skill      XL: |  1 |
---------------+----+-----
Short Blades   | 2 |  2.0
Dodging        | |  2.0
Stealth        | |  3.0
Spellcasting   | |  2.0
Hexes          | |  3.0

Action                   || total
-------------------------++-------
Melee: Dagger            ||    49
 Cast: Corona            ||     8
       Ensorcelled Hiber ||     1
  Use: Scroll            ||     1
 Stab: Sleeping          ||     1
Armor: Robe              ||    12
Dodge: Dodged            ||    46

Table legend:
 A = Spawn XP
 B = Non-spawn XP
 C = Spawn XP percentage of total XP
 D = Spawn monster count
 E = Non-spawn monster count
 F = Spawn count percentage of total count
 G = Total turns spent on level
                    A         B        C        D         E        F      G
               +---------+---------+-------+---------+---------+-------+---------
         Total |       0 |      11 |   0.0 |       0 |       6 |   0.0 |   496
               +---------+---------+-------+---------+---------+-------+---------
           D:1 |       0 |       4 |   0.0 |       0 |       2 |   0.0 |   115
           D:2 |       0 |       4 |   0.0 |       0 |       2 |   0.0 |   169
           D:3 |       0 |       3 |   0.0 |       0 |       2 |   0.0 |   207
               +---------+---------+-------+---------+---------+-------+---------
